 Dungeon Crawl Stone Soup version 0.23.2-33-g5129a83184 (webtiles) character file.

Game seed: 7664044250606054041

687 H0rd4k the Cutter (level 7, -5/114 HPs)
             Began as a Human Artificer on July 18, 2019.
             Killed from afar by an orc wizard (9 damage)
             ... with a puff of flame
             ... on level 4 of the Dungeon.
             The game lasted 00:10:16 (6175 turns).

H0rd4k the Cutter (Human Artificer)                 Turns: 6175, Time: 00:10:18

Health: -5/114     AC: 23    Str: 20    XL:     7   Next: 94%
Magic:  9/9        EV:  2    Int: 11    God:
Gold:   217        SH:  0    Dex: 13    Spells: 6/6 levels left

rFire    . . .     SeeInvis .   i - +4 short sword
rCold    . . .     Gourm    .   (no shield)
rNeg     + + +     Faith    +   (armour currently unavailable)
rPois    +         Spirit   .   (helmet currently unavailable)
rElec    .         Reflect  .   (cloak currently unavailable)
rCorr    .         Harm     .   (gloves currently unavailable)
MR       .....     NoTele   +   (boots currently unavailable)
Stlth    ..........             v - amulet of faith
HPRegen  0.29/turn              (no ring)
MPRegen  0.11/turn              (no ring)

@: berserking, tree-form, very quick
A: no striking features
a: no special abilities


You were on level 4 of the Dungeon.
You were not hungry.
You were a tree.
You visited 2 branches of the dungeon, and saw 7 of its levels.

You collected 217 gold pieces.

Inventory:

Hand Weapons
 a - a +0 short sword
 i - a +4 short sword (weapon)
 p - a +6 antimagic hand axe
 r - a +0 blowgun
Missiles
 g - 10 javelins
 j - 2 tomahawks of returning (quivered)
 s - 12 poisoned needles
 A - 3 tomahawks
Armour
 b - a +0 leather armour
 o - a cursed +0 ring mail (melded)
Jewellery
 v - an amulet of faith (around neck)
Wands
 c - a wand of flame (29)
 d - a wand of enslavement (15)
 e - a wand of random effects (29)
Scrolls
 h - 2 scrolls of noise {unknown}
 l - 4 scrolls of enchant armour {unknown}
 m - 3 scrolls of identify {unknown}
 n - 2 scrolls of teleportation {unknown}
 q - a scroll of blinking {unknown}
 t - a scroll of magic mapping {unknown}
 u - 3 scrolls of remove curse {unknown}
 y - a scroll of random uselessness {unknown}
Potions
 w - a potion of invisibility
Comestibles
 f - 10 rations


   Skills:
 + Level 2.5 Fighting
 + Level 4.3 Short Blades
 * Level 2.6 Throwing
 + Level 3.5 Armour
 + Level 3.3 Dodging
 + Level 2.1 Stealth
 + Level 3.6 Evocations


You had 6 spell levels left.
You didn't know any spells.
Your spell library contained the following spells:

 Spells                   Type           Power        Failure   Level  Hunger
 Apportation              Tloc           #.....       34%         1    ##.....
 Summon Butterflies       Summ           #.......     34%         1    ##.....
 Lesser Beckoning         Tloc           #.........   71%         3    ####...
 Tukima's Dance           Hex            #.......     71%         3    ####...
 Alistair's Intoxication  Tmut/Pois      #.......     100%        5    ######.
 Invisibility             Hex            #.......     100%        6    #######


Dungeon Overview and Level Annotations

Branches:
Dungeon (6/15)             Temple (1/1) D:4

Altars:
Ashenzari
Dithmenos
Elyvilon
Fedhas
Gozag
Hepliaklqana
Kikubaaqudgha
Nemelex Xobeh
Okawaru
Ru
Sif Muna
Trog
Xom
Zin
The Shining One

Annotations:
D:1 exclusion: 2 downstairs
D:2 1 runed translucent door, Crazy Yiuf
D:3 exclusion: downstairs
D:4 Grinder
D:6 exclusion: upstairs


Message History

You hit the orc wizard.
The orc wizard is severely wounded.
The orc wizard casts a spell at you. The puff of flame hits you.
* * * LOW HITPOINT WARNING * * *
The orc wizard points at you and mumbles some strange words.
The puff of flame hits you!
* * * LOW HITPOINT WARNING * * *
It was a potion of lignification.
You turn into a tree.
Your cursed +0 ring mail melds into your body.
Your roots penetrate the ground.
The orc wizard points at you and mumbles some strange words.
The puff of flame hits you but does no damage.
It was a potion of berserk rage.
A red film seems to cover your vision as you go berserk!
You feel yourself moving faster!
You feel mighty!
The orc wizard hits you but does no damage.
The orc wizard casts a spell at you. The puff of flame hits you!
You die...

#<.............###.#.#####
#...........#### #.#.#....
#[..........######.#...###
#................>...#.(..
#..........######.........
##................##.##...
##.........############...
#..........# #...
#........♣o# ####
#..........# #.........<#
#..........# ##........##
##......## ########


You could see an orc wizard.

Vanquished Creatures
  A howler monkey (D:4)
  2 crimson imps (D:5)
  A hound (D:4)
  2 orc priests
  A bullfrog skeleton (D:5)
  3 orc wizards (D:4)
  Natasha (thrice) (D:3)
  Terence (D:2)
  2 worker ants
  A hound zombie (D:6)
  A howler monkey skeleton (D:4)
  A gnoll (D:2)
  8 adders
  A shadow imp (D:6)
  2 oozes
  An adder skeleton (D:4)
  3 dart slugs
  6 leopard geckos
  11 orcs
  3 ball pythons
  2 giant cockroaches
  10 goblins
  8 hobgoblins
  2 jackals (D:1)
  10 kobolds
  2 quokkas
  12 bats
  8 frilled lizards
  7 rats
115 creatures vanquished.

Vanquished Creatures (others)
  A leopard gecko (D:5)
1 creature vanquished.

Grand Total: 116 creatures vanquished

Notes
Turn   | Place    | Note
-------+----------+-------------------------------------------
     0 | D:1      | H0rd4k the Human Artificer began the quest for the Orb.
     0 | D:1      | Reached XP level 1. HP: 15/15 MP: 3/3
    82 | D:1      | Reached XP level 2. HP: 14/21 MP: 4/4
   708 | D:1      | Reached XP level 3. HP: 21/26 MP: 5/5
  1531 | D:2      | Reached XP level 4. HP: 32/32 MP: 6/6
  1581 | D:2      | Reached skill level 2 in Short Blades
  1581 | D:2      | Reached skill level 1 in Armour
  1998 | D:2      | Found a runed translucent door.
  1999 | D:2      | Noticed Crazy Yiuf
  2017 | D:2      | Noticed Terence
  2028 | D:2      | Killed Terence
  2028 | D:2      | Reached XP level 5. HP: 36/38 MP: 7/7
  2900 | D:3      | Noticed Natasha
  3002 | D:4      | Reached XP level 6. HP: 30/44 MP: 8/8
  3005 | D:4      | Noticed Grinder
  3009 | D:4      | Reached skill level 3 in Short Blades
  3031 | D:5      | Entered Level 5 of the Dungeon
  3215 | D:5      | Reached skill level 1 in Throwing
  3819 | D:5      | Reached XP level 7. HP: 32/50 MP: 9/9
  3873 | D:5      | Found a shattered altar of Ashenzari.
  4315 | D:3      | Killed Natasha
  4333 | D:3      | Noticed Natasha
  4495 | D:3      | Killed Natasha
  4718 | D:3      | Noticed Natasha
  4736 | D:3      | Killed Natasha
  4772 | D:4      | Paralysed by Grinder for 4 turns
  5036 | D:4      | Reached skill level 4 in Short Blades
  5368 | D:4      | Found a staircase to the Ecumenical Temple.
  5479 | Temple   | Entered the Ecumenical Temple
  6173 | D:4      | HP: 1/51 [orc wizard/puff of flame (9)]
  6175 | D:4      | Killed from afar by an orc wizard

Skill      XL: |  1  2  3  4  5  6  7 |
---------------+----------------------+-----
Short Blades   | 2 3 4 |  4.3
Armour         | 1 2 3 |  3.5
Fighting       | 2 |  2.5
Stealth        | 2 |  2.1
Throwing       | 1 2 |  2.6
Dodging        | 3 |  3.3
Evocations     | |  3.6

Action                   |  1- 3 |  4- 6 |  7- 9 || total
-------------------------+-------+-------+-------++-------
Melee: Short sword       |   116 |   208 |   154 ||   478
Evoke: Wand              |       |     5 |       ||     5
  Use: Potion            |       |     2 |     2 ||     4
 Stab: Sleeping          |     3 |     2 |     1 ||     6
       Confused          |       |     1 |       ||     1
  Eat: Chunk             |     1 |     5 |     5 ||    11
       Ration            |       |     1 |     1 ||     2
Armor: Leather armour    |    30 |    44 |       ||    74
       Ring mail         |       |    40 |    31 ||    71
       Skin              |       |       |     1 ||     1
Dodge: Dodged            |    77 |   178 |    66 ||   321
